 Dungeon Crawl Stone Soup version 0.19-a0-1738-gbb2db12 (webtiles) character file.

13710 Deemzul the Carver (level 11, -9/133 HPs)
             Began as a Demonspawn Berserker on Sept 30, 2016.
             Was a High Priest of Trog.
             Mangled by a soul eater (22 damage)
             ... summoned by an orc high priest
             ... on level 2 of the Orcish Mines on Oct 1, 2016.
             The game lasted 00:29:55 (13775 turns).

Deemzul the Carver (Demonspawn Berserker)          Turns: 13775, Time: 00:29:55

Health: -9/133     AC:  0    Str: 22    XL:     11   Next: 79%
Magic:  13/13      EV: 17    Int:  9    God:    Trog [*****.]
Gold:   863        SH:  0    Dex: 16    Spells: 0 memorised, 10 levels left

rFire  . . .     SeeInvis .     D - +3 scimitar
rCold  . . .     Gourm    .     E - +0 steam dragon armour
rNeg   . . .     Faith    .     (no shield)
rPois  +         Spirit   .     I - +2 hat
rElec  .         Dismiss  .     q - +0 cloak
rCorr  .         Reflect  .     (gloves unavailable)
MR     .....     Harm     .     t - +1 pair of boots
Stlth  ..........               (no amulet)
                                (no ring)
                                u - ring of poison resistance

@: berserking, corroded, drained, very quick
A: claws 3, hooves 2, powered by death 2
a: Berserk, Trog's Hand, Brothers in Arms, Burn Spellbooks, Renounce Religion


You were on level 2 of the Orcish Mines.
You worshipped Trog.
Trog was extremely pleased with you.
You were not hungry.

You visited 4 branches of the dungeon, and saw 16 of its levels.

You collected 1129 gold pieces.
You spent 266 gold pieces at shops.

Inventory:

Hand Weapons
 b - a +0 long sword of distortion
 r - a +0 blowgun
 D - a +3 scimitar (weapon)
 G - a +4 rapier of speed
Missiles
 s - 35 poisoned needles
Armour
 q - a +0 cloak (worn)
 t - a +1 pair of boots (worn)
 E - a +0 steam dragon armour (worn)
 I - a +2 hat (worn)
Jewellery
 g - an uncursed ring of ice
 u - a ring of poison resistance (left claw)
Wands
 k - a wand of polymorph (24/24)
 C - a wand of flame (29/48)
 M - a wand of acid (4/15)
Scrolls
 e - 4 scrolls of magic mapping {unknown}
 f - 5 scrolls of remove curse {unknown}
 h - 2 scrolls of enchant armour
 i - 3 scrolls of immolation
 j - 6 scrolls of identify
 v - a scroll of teleportation
 z - 2 scrolls of recharging
 B - 2 scrolls of enchant weapon
Potions
 a - a potion of ambrosia {unknown}
 d - 2 potions of brilliance
 l - 5 potions of heal wounds
 n - a potion of cure mutation
 o - 2 potions of cancellation
 w - 6 potions of flight
 A - 3 potions of curing
 H - a potion of mutation {unknown}
 K - a potion of lignification
 P - a potion of might {unknown}
Books
 y - a book of Callings

   Spells                             Type                      Level
   a - Summon Small Mammal            Summoning                    1
   b - Call Imp                       Summoning                    2
   c - Call Canine Familiar           Summoning                    3
   d - Summon Guardian Golem          Hexes/Summoning              3
   e - Summon Lightning Spire         Summoning/Air                4
   f - Summon Ice Beast               Ice/Summoning                4
   Trog disapproves of the use of such an item.
Miscellaneous
 N - a phial of floods (inert)
 O - a box of beasts
Comestibles
 c - 5 bread rations
 m - 3 beef jerkies
 p - 4 chunks of flesh
 x - 5 meat rations
 J - 10 royal jellies


   Skills:
 + Level 9.1(8.6) Fighting
 * Level 11.3(10.7) Long Blades
 + Level 7.8(7.3) Armour
 + Level 8.0(7.4) Dodging
 + Level 3.4(2.9) Evocations


You had 10 spell levels left.
You didn't know any spells.

Dungeon Overview and Level Annotations

Branches:
Dungeon (12/15)            Temple (1/1) D:7            Lair (1/6) D:9
    Orc (2/2) D:12            Elf (0/3) Orc:2

Altars:
Ashenzari
Cheibriados
Dithmenos
Elyvilon
Fedhas
Gozag
Hepliaklqana
Kikubaaqudgha
Makhleb
Nemelex Xobeh
Okawaru
Qazlal
Ru
Sif Muna
Trog
Uskayaw
Vehumet
Xom
Yredelemnul
Zin
The Shining One

Shops:
D:7 (   D:12 (}[(

Portals:
Trove: D:12 (lose all piety)

Annotations:
D:10 Josephine
D:11 Erolcha


Innate Abilities, Weirdness & Mutations

You have claws for hands.
You have hoof-like feet.
You regenerate health from kills.


Message History

The orc high priest closely misses you. The rust devil hits you.
The rust devil corrodes you! The orc hits you but does no damage.
You hit the orc high priest.
The orc high priest is heavily wounded.
The rust devil hits you. The rust devil corrodes you!
The orc high priest misses you.
Unknown command.
You hit the orc high priest.
The orc high priest is severely wounded.
The orc hits you with a club. The rust devil hits you!
The rust devil corrodes you! The soul eater hits you!!
You feel drained.
* * * LOW HITPOINT WARNING * * *
The orc high priest invokes the aid of Beogh against you.
Beogh smites you!
* * * LOW HITPOINT WARNING * * *
A red film seems to cover your vision as you go berserk!
You feel yourself moving faster!
You feel mighty!
You feel somewhat more hungry. The orc closely misses you.
The rust devil closely misses you. The soul eater hits you!!
You die...

##....)......#............
##....###..)......#####)[(.
#.....# ###(......######[..
#.....#####[......#.##.....
#......##..........##....(.
##.##.......###............
#####.......##..)...)[...#
#....oo3####..#.).)..##
##....@## #####)#####
#......4#######.....###
##....(....#...........#
###................#......
#................(.#......
###......#.........###..))..
#.#.....###........####.[...
#......#####........####....
##.......##..........#.)....


You could see a soul eater, an orc high priest, a rust devil and an orc.

Vanquished Creatures
  An orc high priest (Orc:2)
  Nergalle (D:10)
  4 orc sorcerers
  A cyclops (D:12)
  Joseph (D:7)
  2 trolls
  2 two-headed ogres
  A hippogriff (D:9)
  4 yaks (D:11)
  3 basilisks (D:9)
  A steam dragon (D:12)
  2 hungry ghosts
  A warg (D:12)
  Duvessa (D:6)
  2 porcupines (D:9)
  2 ice beasts
  2 phantoms
  12 orc warriors
  An eye of draining (D:12)
  6 ogres
  5 crocodiles
  6 centaurs
  6 bullfrogs
  A scorpion (D:8)
  Dowan (D:6)
  9 killer bees
  8 wights
  A bullfrog zombie (D:7)
  2 crimson imps
  5 hounds
  6 jellies
  5 orc priests
  Crazy Yiuf (D:2)
  A bullfrog skeleton (D:11)
  2 centaur skeletons
  12 iguanas
  20 orc wizards
  12 worker ants
  A worker ant zombie (D:6)
  3 gnolls
  7 adders
  5 river rats
  3 shadow imps
  5 oozes (D:9)
  An adder skeleton (D:6)
  3 dart slugs
  5 worms
  2 leopard geckos
  57 orcs
  2 ball pythons
  2 bat zombies (D:3)
  5 giant cockroaches
  11 goblins
  15 hobgoblins
  8 jackals
  4 quokkas
  12 bats
  8 frilled lizards
  A giant cockroach zombie (D:5)
  A jackal zombie (D:6)
  7 kobolds
  A leopard gecko zombie (D:9)
  A quokka skeleton (D:6)
  8 rats
  A rat zombie (D:3)
332 creatures vanquished.

Vanquished Creatures (collateral kills)
  An orc knight (Orc:2)
1 creature vanquished.

Vanquished Creatures (others)
  A hill giant (D:12)
  A troll (Orc:1)
  A yak (D:11)
  2 orc warriors
  A killer bee (D:9)
  2 crimson imps
  A killer bee zombie (D:9)
  2 plants (D:9)
11 creatures vanquished.

Grand Total: 344 creatures vanquished

Notes
Turn   | Place    | Note
-------+----------+-------------------------------------------
     0 | D:1      | Deemzul the Demonspawn Berserker began the quest for the Orb.
     0 | D:1      | Reached XP level 1. HP: 18/18 MP: 1/1
   113 | D:1      | Reached skill level 3 in Long Blades
   131 | D:1      | Gained mutation: You have sharp fingernails. [demonic ancestry]
   131 | D:1      | Reached XP level 2. HP: 16/24 MP: 2/2
   500 | D:1      | Reached XP level 3. HP: 15/29 MP: 3/3
   639 | D:1      | Reached ** piety under Trog
  1637 | D:2      | Found a runed door.
  1695 | D:2      | Noticed Crazy Yiuf
  1701 | D:2      | Killed Crazy Yiuf
  1701 | D:2      | Gained mutation: You have large cloven feet. [demonic ancestry]
  1701 | D:2      | Reached XP level 4. HP: 35/35 MP: 4/4
  1794 | D:3      | Found a faded altar of an unknown god.
  2045 | D:3      | Reached skill level 4 in Long Blades
  2087 | D:3      | Reached XP level 5. HP: 31/41 MP: 5/5
  2172 | D:3      | Reached *** piety under Trog
  2403 | D:3      | Found a sparkling altar of Nemelex Xobeh.
  2844 | D:3      | Found an ancient bone altar of Kikubaaqudgha.
  2987 | D:4      | Found a stormy altar of Qazlal.
  2988 | D:4      | Found a radiant altar of Vehumet.
  2988 | D:4      | Found a hide-covered altar of Uskayaw.
  2989 | D:4      | Found a sacrificial altar of Ru.
  3093 | D:4      | Found a shadowy altar of Dithmenos.
  3570 | D:5      | Entered Level 5 of the Dungeon
  3653 | D:5      | Noticed a centaur
  3692 | D:5      | Noticed an ice beast
  4037 | D:5      | Gained mutation: You regenerate a little health from kills. [demonic ancestry]
  4037 | D:5      | Reached XP level 6. HP: 36/48 MP: 6/6
  4364 | D:6      | Noticed Dowan
  4365 | D:6      | Noticed Duvessa
  4663 | D:6      | Reached skill level 5 in Long Blades
  4766 | D:7      | Found a staircase to the Ecumenical Temple.
  5132 | D:6      | Noticed an orc warrior
  5156 | D:6      | Gained mutation: You have hoof-like feet. [demonic ancestry]
  5156 | D:6      | Reached XP level 7. HP: 46/54 MP: 7/7
  5725 | D:7      | Reached skill level 5 in Fighting
  5727 | D:7      | Reached skill level 6 in Long Blades
  6042 | D:7      | Noticed Joseph
  6071 | D:6      | Gained mutation: You regenerate health from kills. [demonic ancestry]
  6071 | D:6      | Reached XP level 8. HP: 53/62 MP: 8/8
  6491 | D:5      | Reached **** piety under Trog
  6811 | D:6      | Killed Dowan
  7000 | D:6      | Reached skill level 7 in Long Blades
  7067 | D:6      | Killed Duvessa
  7432 | D:7      | Killed Joseph
  7432 | D:7      | Reached skill level 5 in Dodging
  7432 | D:7      | Reached XP level 9. HP: 45/69 MP: 9/9
  7496 | D:7      | Found Ihethac's Antique Weapon Boutique.
  7593 | D:8      | Reached skill level 5 in Armour
  7656 | Temple   | Entered the Ecumenical Temple
  7932 | D:8      | Reached skill level 8 in Long Blades
  8367 | D:9      | Found a staircase to the Lair.
  8500 | D:9      | Reached ***** piety under Trog
  9183 | D:8      | Reached skill level 9 in Long Blades
  9354 | D:9      | Gained mutation: You have very sharp fingernails. [demonic ancestry]
  9354 | D:9      | Reached XP level 10. HP: 57/79 MP: 10/10
  9901 | Lair:1   | Entered Level 1 of the Lair of Beasts
  9972 | D:10     | Entered Level 10 of the Dungeon
  9988 | D:10     | Noticed Nergalle
 10002 | D:10     | Killed Nergalle
 10178 | D:10     | Noticed a hill giant
 10219 | D:10     | Noticed Erolcha
 10453 | D:10     | Noticed Josephine
 10616 | D:11     | Noticed a hill giant
 10818 | D:11     | Reached skill level 10 in Long Blades
 10973 | D:12     | Found Ellaeqyj's Weapon Boutique.
 11005 | D:12     | Found Lasuurem's Antique Armour Boutique.
 11027 | D:12     | Bought a pair of transparent gloves for 266 gold pieces
 11057 | D:12     | Identified the +3 pair of gloves "Gup Ets" {rN+ Dex-3 Stlth+} (You bought it in a shop on level 12 of the Dungeon)
 11079 | D:12     | Found a staircase to the Orcish Mines.
 11084 | D:12     | Received a gift from Trog
 11116 | D:12     | Gained mutation: You have claws for hands. [demonic ancestry]
 11116 | D:12     | Reached XP level 11. HP: 61/86 MP: 11/11
 11152 | D:12     | Reached skill level 1 in Evocations
 11163 | Orc:1    | Entered Level 1 of the Orcish Mines
 11296 | D:12     | Noticed a hill giant
 11306 | D:12     | Banished a hill giant
 11532 | D:12     | Found a portal to a secret trove of treasure.
 11596 | D:12     | Found Diephiz's Weapon Emporium.
 11660 | D:12     | Found Sucup Leotze's Gadget Emporium.
 11865 | Orc:1    | Noticed an orc sorcerer
 11866 | Orc:1    | Noticed a sixfirhy
 11904 | Orc:1    | Killed an orc sorcerer
 12457 | Orc:2    | Entered Level 2 of the Orcish Mines
 12557 | Orc:2    | Found a staircase to the Elven Halls.
 12944 | Orc:2    | Noticed an orc knight
 13042 | Orc:2    | Killed an orc knight
 13159 | Orc:1    | Noticed an orc sorcerer
 13174 | Orc:1    | Killed an orc sorcerer
 13174 | Orc:1    | Reached skill level 11 in Long Blades
 13572 | Orc:2    | Noticed an orc high priest
 13579 | Orc:2    | Killed an orc high priest
 13674 | Orc:2    | Noticed an orc sorcerer
 13681 | Orc:2    | Paralysed by an orc sorcerer for 4 turns
 13685 | Orc:2    | Noticed an orc sorcerer
 13693 | Orc:2    | Killed an orc sorcerer
 13697 | Orc:2    | Killed an orc sorcerer
 13704 | Orc:2    | Noticed an orc high priest
 13717 | Orc:2    | Noticed a sixfirhy
 13771 | Orc:2    | Noticed a soul eater
 13775 | Orc:2    | Mangled by a soul eater

Vault maps used:
D:1:      dpeg_arrival_solitude
D:2:      uniq_crazy_yiuf_cottage
D:3:      kennysheep_the_goblin_king, nemelex_xobeh_ov_fountains_minmay,
          lemuel_zombie_altar_kikubaaqudgha, ecumenical_altar_1
D:4:      grunt_temple_overflow_open, grunt_dithmenos_shadows, first_bread
D:5:      patterned_corridor
D:6:      kennysheep_small_square, uniq_duvessa
D:7:      serial_shops, nicolae_shop_waterfront, uniq_joseph
D:9:      minmay_lair_entry_grove, hangedman_little_slice_of_home,
          minmay_misc_feat_more_columns
D:10:     uniq_maurice, uniq_josephine, uniq_nergalle, uniq_erolcha
D:12:     david_orc_3, nicolae_trove_entry_diagonal, serial_shops,
          nicolae_shop_overgrown_old_shop, nicolae_shop_behind_doors,
          nicolae_shop_stone, shop, st_stairs_1, kennysheep_generic_room_14
Temple:   zaba_magenta_temple
Lair:1:   dpeg_stationary_puzzle, infiniplex_staircase_pool, grunt_megastairs_1,
          uniq_grum, uniq_fannar
Orc:2:    st_orc_elflike

Skill      XL: |  1  2  3  4  5  6  7  8  9 10 11 |
---------------+----------------------------------+-----
Long Blades    | 3 4 5 6 7 9 10 11 | 11.3
Dodging        | 2 3 4 5 6 7 8 |  8.0
Armour         | 2 3 4 5 7 |  7.8
Fighting       | 4 5 6 7 8 9 |  9.1
Evocations     | 3 |  3.4

Action                   |  1- 3 |  4- 6 |  7- 9 | 10-12 || total
-------------------------+-------+-------+-------+-------++-------
Melee: Falchion          |   185 |   285 |   125 |       ||   595
       Kick              |       |    15 |       |       ||    15
       Rapier            |       |    33 |       |       ||    33
       Scimitar          |       |       |   226 |   354 ||   580
       Long sword        |       |       |   164 |   285 ||   449
 Fire: Blowgun           |       |       |       |     1 ||     1
Invok: Berserk           |     5 |     1 |     4 |     5 ||    15
       Trog's Hand       |       |       |     4 |       ||     4
Evoke: Wand              |       |       |       |     1 ||     1
       Phial of floods   |       |       |       |     1 ||     1
  Use: Potion            |     5 |     1 |     1 |       ||     7
       Scroll            |       |     8 |     2 |     3 ||    13
 Stab: Sleeping          |     4 |       |     1 |       ||     5
       Distracted        |       |     1 |       |     2 ||     3
  Eat: Chunk             |     7 |    13 |    16 |    22 ||    58
       Meat ration       |       |       |     1 |       ||     1
Armor: Animal skin       |    38 |    26 |       |       ||    64
       Chain mail        |       |    81 |   125 |       ||   206
       Leather armour    |       |       |    53 |    77 ||   130
       Skin              |       |       |     2 |       ||     2
       Steam dragon armo |       |       |       |    41 ||    41
Dodge: Dodged            |   104 |   142 |   234 |   323 ||   803
